 Dungeon Crawl Stone Soup version 0.30-a0-652-gcc886f7154 (webtiles) character file.

Game seed: 15935727627035681565

30 wormed the Grasshopper (level 3, -7/25 HPs)
             Began as an Octopode Warper on Jan 18, 2023.
             Killed from afar by Terence (9 damage)
             ... with a puff of flame
             ... on level 3 of the Dungeon.
             The game lasted 00:02:04 (1885 turns).

wormed the Grasshopper (Octopode Warper)            Turns: 1885, Time: 00:02:04

Health: -7/25      AC:  1    Str: 10    XL:     3   Next: 20%
Magic:  15/15      EV: 13    Int: 17    God:
Gold:   28         SH:  0    Dex: 11    Spells: 4/6 levels left

rFire   . . .      SeeInvis .      - Unarmed
rCold   . . .      Faith    .    (no shield)
rNeg    . . .      Spirit   .    (helmet restricted)
rPois   .          Reflect  .    (no amulet)
rElec   .          Harm     .    i - ring of willpower
rCorr   .          Rampage  .    l - ring of magical power
Will    +....                    (no ring)
Stlth   ++                       (no ring)
HPRegen 0.24/turn                (no ring)
MPRegen 0.14/turn                (no ring)
                                 (no ring)
                                 (no ring)

@: no status effects
A: almost no armour, amphibious, 8 rings, camouflage 1, gelatinous body 1,
(nimble swimmer 1), tentacles
a: no special abilities


You were on level 3 of the Dungeon.
You visited 1 branch of the dungeon, and saw 3 of its levels.

You collected 28 gold pieces.

Inventory:

Missiles
 b - 6 boomerangs of dispersal (quivered)
Jewellery
 i - a ring of willpower (left tentacle)
 l - a ring of magical power (right tentacle)
Scrolls
 a - 3 scrolls of blinking
Potions
 c - 3 potions of heal wounds
 e - 2 potions of curing {unknown}
 h - a potion of lignification {unknown}
 k - a potion of berserk rage {unknown}
 m - a potion of flight {unknown}


   Skills:
 + Level 2.4 Fighting
 - Level 1.0 Throwing
 + Level 2.8 Dodging
 + Level 2.4 Unarmed Combat
 + Level 2.3 Spellcasting
 - Level 3.0 Translocations


You had 4 spell levels left.
You knew the following spells:

 Your Spells              Type           Power      Damage    Failure   Level
a - Blink                 Tloc           24%        N/A       9%          2

Your spell library contained the following spells:

 Spells                   Type           Power      Damage    Failure   Level
 Lesser Beckoning         Tloc           24%        N/A       9%          2
 Teleport Other           Tloc           12%        N/A       16%         3
 Vhi's Electric Charge    Tloc/Air       14%        N/A       30%         3
 Manifold Assault         Tloc           12%        N/A       47%         4


Dungeon Overview and Level Annotations

Branches:
Dungeon (3/15)

Altars:

Annotations:
D:3 Terence


Innate Abilities, Weirdness & Mutations

You cannot wear most types of armour.
You are amphibious.
You can wear up to eight rings at the same time.
Your skin changes colour to match your surroundings (Stealth+).
Your rubbery body absorbs attacks. (AC +1, EV +1)
((You are camouflaged when in or above water. (Stealth+)))
You have tentacles for arms and can constrict up to eight enemies at once.


Message History

You grab Terence. You squeeze Terence, but do no damage.
You constrict Terence, but do no damage.
Terence misses you.
Throw: 4 darts (poison)
Press: ? - help, Q - select action, (/) - cycle Shift-Dir - straight line, f - Terence
Aim: Terence, wielding a +0 mace, wearing a +0 chain mail and carrying a wand of flame (17) (constricted by you, 93% to hit)
You throw a poisoned dart. The poisoned dart hits Terence.
Terence is poisoned.
You constrict Terence, but do no damage.
Terence zaps a wand.
The puff of flame misses you.
Throw: 3 darts (poison)
Press: ? - help, Q - select action, (/) - cycle Shift-Dir - straight line, f/p - Terence
Aim: Terence, wielding a +0 mace, wearing a +0 chain mail and carrying a wand of flame (16) (lightly wounded, constricted by you, poisoned, 93% to hit)
You throw a poisoned dart. The poisoned dart hits Terence.
Terence looks even sicker.
Terence is lightly wounded.
You constrict Terence, but do no damage.
Terence hits you with a +0 mace.
Throw: 2 darts (poison)
Press: ? - help, Q - select action, (/) - cycle Shift-Dir - straight line, f/p - Terence
Aim: Terence, wielding a +0 mace, wearing a +0 chain mail and carrying a wand of flame (16) (lightly wounded, constricted by you, very poisoned, 93% to hit)
You throw a poisoned dart. The poisoned dart hits Terence.
Terence is lightly wounded.
You constrict Terence. Terence hits you with a +0 mace!
Throw: dart (poison)
Press: ? - help, Q - select action, (/) - cycle Shift-Dir - straight line, f/p - Terence
Aim: Terence, wielding a +0 mace, wearing a +0 chain mail and carrying a wand of flame (16) (moderately wounded, constricted by you, very poisoned, 93% to hit)
You throw a poisoned dart. The poisoned dart hits Terence.
Terence looks even sicker.
Terence is moderately wounded.
You constrict Terence. Terence barely misses you.
Throw: 7 boomerangs (disperse)
Press: ? - help, Q - select action, (/) - cycle Shift-Dir - straight line, f/p - Terence
Aim: Terence, wielding a +0 mace, wearing a +0 chain mail and carrying a wand of flame (16) (severely wounded, constricted by you, very poisoned, 93% to hit)
You throw a boomerang of dispersal.
The boomerang of dispersal hits Terence but does no damage.
Terence is severely wounded.
You constrict Terence. Terence hits you with a +0 mace!
* * * LOW HITPOINT WARNING * * *
Terence zaps a wand.
The puff of flame hits you!
You die...

## #. ##@##
#..@#
#............
##.....###...
........
#.#.....## #
##...## ##.##
#.


You could see Terence (very poisoned).

Vanquished Creatures
  An adder (D:2)
  A ball python (D:1)
  A bat (D:2)
  4 endoplasms
  A giant cockroach (D:1)
  2 goblins (D:1)
  2 kobolds
  2 quokkas
  A frilled lizard (D:2)
  3 rats
18 creatures vanquished.

Notes
Turn   | Place    | Note
-------+----------+-------------------------------------------
     0 | D:1      | wormed the Octopode Warper began the quest for the Orb.
     0 | D:1      | Reached XP level 1. HP: 14/14 MP: 3/3
   419 | D:1      | Reached XP level 2. HP: 15/19 MP: 5/5
  1079 | D:2      | Learned a level 2 spell: Blink
  1232 | D:2      | Reached XP level 3. HP: 19/25 MP: 6/6
  1879 | D:3      | Noticed Terence
  1885 | D:3      | Killed from afar by Terence

Illustrated notes

Levels and vault maps discovered:
D:1:      nicolae_arrival_somewhat_less_tricky_arrival, layout_basic
D:2:      layout_loops_ring, hangedman_decor_lopped
D:3:      layout_loops_ring, uniq_terence

Action                   || total
-------------------------++-------
Melee: Unarmed           ||    50
       Constrict         ||    11
       Tentacles         ||     7
Throw: Dart              ||     4
       Boomerang         ||     1
  Use: Scroll            ||     9
 Stab: Sleeping          ||     7
Armor: Skin              ||     3
Dodge: Dodged            ||    20

Table legend: (Time is in decaauts)
 A = Elapsed time spent in this place.
 B = Non-inter-level travel time spent in this place.
 C = Inter-level travel time spent in this place.
 D = Time resting spent in this place.
 E = Time spent auto-exploring this place.
 F = Levels seen in this place.
 G = Mean time per level.
                   A        B        C        D        E       F      G
               +--------+--------+--------+--------+--------+-----+--------+
         Total |   1882 |   1799 |     83 |    220 |   1362 |   3 |  627.3 |
       Dungeon |   1882 |   1799 |     83 |    220 |   1362 |   3 |  627.3 |
               +--------+--------+--------+--------+--------+-----+--------+

Top non-repeatable levels by time:
     D:1: 1073 daAuts
     D:2: 796 daAuts
     D:3: 11 daAuts
